 Dungeon Sprint DCSS version 0.30.1-4-g462c640d31 (webtiles) character file.

Game seed: 16039186790303152412

11604 Heoruswealwe the Executioner (level 11, -5/117 HPs)
             Began as a Hill Orc Fighter on Aug 23, 2023.
             Was the Champion of the Shining One.
             Killed by divine providence
             ... invoked by a daeva
              (8 damage)
             ... in the Dungeon (Sprint I: "Red Sonja").
             The game lasted 00:32:29 (2720 turns).

Heoruswealwe the Executioner (Hill Orc Fighter)     Turns: 2720, Time: 00:32:29

Health: -5/117     AC: 16    Str: 26    XL:     11   Next: 80%
Magic:  23/26      EV:  9    Int: 11    God:    the Shining One [******]
Gold:   2405       SH: 14    Dex: 10    Spells: 10/10 levels left

rFire   + . .        a - +3 broad axe of Nightmares {venom, MP+9 Int+3}
rCold   . . .        d - +0 buckler
rNeg    + + +        c - +0 chain mail {rF+}
rPois   .            g - +1 hat {Will+}
rElec   +            h - +0 cloak "Colibip" {+Inv rElec Str+2}
rCorr   .            (no gloves)
SInv    .            (no boots)
Will    +....        (no amulet) Stlth
                     (no ring)
HPRegen 0.39/turn    (no ring)
MPRegen 0.20/turn

%: no teleportation
@: divinely shielded, hasted, glowing, very quick
A: no striking features
a: Renounce Religion, Evoke Invisibility, Divine Shield, Cleansing Flame, Summon
Divine Warrior, Brand Weapon With Holy Wrath


You were in the Dungeon.
You worshipped the Shining One.
The Shining One was exalted by your worship.
You visited 1 branch You collected 3008 gold pieces.
You spent 603 gold pieces at shops.

Inventory:

Hand Weapons
 a - the +3 broad axe of Nightmares (weapon) {venom, MP+9 Int+3}
   (You bought it in a shop in the Dungeon)

   Int:       It affects your intelligence (+3).
   MP:        It affects your magic capacity (+9).
 b - a +0 longbow
Armour
 c - a +0 chain mail of fire resistance (worn)
 d - a +0 buckler (worn)
 g - a +1 hat of willpower (worn)
 h - the +0 cloak "Colibip" (worn) {+Inv rElec Str+2}
   (You bought it in a shop in the Dungeon)

   Str:       It affects your strength (+2).
   rElec:     It insulates you from electricity.
   +Inv:      It lets you turn invisible.
Wands
 k - a wand of digging (6)
Scrolls
 f - 4 scrolls of fog
 n - a scroll of brand weapon
Potions
 l - a potion of flight
 o - a potion of resistance


   Skills:
 + Level 17.1 Fighting
 * Level 24.8 Axes
 + Level 15.8 Armour
 - Level 3.2 Shields
 + Level 8.9 Invocations


You had 10 spell levels left.
You didn't know any spells.
Your spell library contained the following spells:

 Spells                   Type           Power      Damage    Failure   Level
 Shock                    Conj/Air       0%         1d3       78%         1
 Ozocubu's Armour         Ice            0%         N/A       98%         3
 Swiftness                Air            0%         N/A       98%         3
 Airstrike                Air            0%         2d(0-16)  100%        4
 Olgreb's Toxic Radiance  Pois           0%         N/A       100%        4
 Ozocubu's Refrigeration  Ice            0%         4d7       100%        7
 Discord                  Hex            0%         N/A       100%        8
 Ignition                 Fire           0%         3d3       100%        8


Dungeon Overview and Level Annotations

Branches:
Dungeon (1/1)

Altars:
Cheibriados
Dithmenos
Elyvilon
Fedhas
Gozag
Hepliaklqana
Kikubaaqudgha
Makhleb
Nemelex Xobeh
Okawaru
Qazlal
Ru
Sif Muna
Trog
Uskayaw
Vehumet
Wu Jian
Xom
Yredelemnul
Zin
The Shining One
Jiyva
Lugonu

Shops:
D =:(:[*=*[[*(?*[[!


Message History

The Shining One smites you!
You open the daeva like a pillowcase!!!
The daeva is severely wounded.
The daeva calls down the wrath of the Shining One upon you.
The Shining One smites you! The daeva blocks your attack.
The daeva is severely wounded.
The daeva hits you with a +4 scimitar of holy wrath!
* * * LOW HITPOINT WARNING * * *
The daeva hits you but does no damage.
You feel better.
The daeva hits you with a +4 scimitar of holy wrath.
The daeva hits you but does no damage. The daeva blocks your attack.
The daeva is severely wounded.
You slice the daeva!!
The daeva is severely wounded.
The daeva calls down the wrath of the Shining One upon you.
The Shining One smites you!
* * * LOW HITPOINT WARNING * * *
You hit the daeva.
The daeva is severely wounded.
The daeva barely misses you.
The daeva hits you with a +4 scimitar of holy wrath!
* * * LOW HITPOINT WARNING * * *
The daeva blocks your attack.
The daeva is severely wounded.
The daeva blocks your attack.
The daeva is severely wounded.
The daeva calls down the wrath of the Shining One upon you.
The Shining One smites you!
* * * LOW HITPOINT WARNING * * *
You feel yourself speed up.
The daeva hits you with a +4 scimitar of holy wrath!
* * * LOW HITPOINT WARNING * * *
The daeva barely misses you.
Your shield is strengthened by the Shining One's divine power.
The daeva calls down the wrath of the Shining One upon you.
The Shining One smites you!
You die...

#..#§§..'§.§...+
##'#§####§.§§§##
'..#.#.###§.§#####
#..+.#'#.###+#"?!##
#+####...#.#.##$$$#
..)..#..)..#..##.$#
..○○°+.....##.#..$#
##.○.#.....#..##A$#
.#...###++##.##.@$#
.#..###..###..#'###
.#○○####..###...#
.##°#..#○○#.###.#
§##.#...○.....#.#
§####..°......#.#
.#..+..°...####+#
§#####...### .#
#####


You could see a daeva.

Vanquished Creatures
  A lorocyproca (D)
  2 centaur warriors (D)
  Sonja (D)
  A deep troll (D)
  A lindwurm (D)
  An oklob plant (D)
  4 demonic crawlers (D)
  A gargoyle (D)
  7 unseen horrors (D)
  2 kobold demonologists (D)
  A meliai (D)
  A hornet (D)
  A slime creature (D)
  Sigmund (D)
  13 hogs (D)
  A yak (D)
  2 redbacks (D)
  2 floating eyes (D)
  An ogre (D)
  7 necrophages (D)
  8 jellies (D)
  Ijyb (D)
60 creatures vanquished.

Vanquished Creatures (others)
  2 ballistomycete spores (D)
2 creatures vanquished.

Grand Total: 62 creatures vanquished

Notes
Turn   | Place    | Note
-------+----------+-------------------------------------------
     0 | D        | Heoruswealwe the Hill Orc Fighter began the quest for the
                  | Orb.
     0 | D        | Reached XP level 1. HP: 19/19 MP: 1/1
     1 | D        | Noticed Ijyb
     5 | D        | Killed Ijyb
     6 | D        | Reached skill level 5 in Axes
     6 | D        | Reached XP level 2. HP: 23/28 MP: 2/2
     6 | D        | Reached XP level 3. HP: 28/35 MP: 3/3
    32 | D        | Noticed an ogre
    39 | D        | Killed an ogre
    40 | D        | Reached skill level 8 in Axes
    40 | D        | Reached XP level 4. HP: 32/45 MP: 4/4
    85 | D        | Noticed Sigmund
    96 | D        | Killed Sigmund
    97 | D        | Reached skill level 11 in Axes
    97 | D        | Reached XP level 5. HP: 38/55 MP: 5/5
    97 | D        | Reached XP level 6. HP: 43/62 MP: 6/6
   159 | D        | Found an ornate altar of the Wu Jian Council.
   159 | D        | Found a shimmering blue altar of Sif Muna.
   161 | D        | Found a radiant altar of Vehumet.
   166 | D        | Reached skill level 12 in Axes
   192 | D        | Found Biliaco's Book Emporium.
   192 | D        | Found an ancient bone altar of Kikubaaqudgha.
   192 | D        | Found a hazy altar of Hepliaklqana.
   192 | D        | Found a stormy altar of Qazlal.
   192 | D        | Found a hide-covered altar of Uskayaw.
   192 | D        | Found a blossoming altar of Fedhas.
   192 | D        | Found a bloodstained altar of Trog.
   192 | D        | Found an iron altar of Okawaru.
   192 | D        | Found a basalt altar of Yredelemnul.
   192 | D        | Found a glowing golden altar of the Shining One.
   192 | D        | Found a snail-covered altar of Cheibriados.
   192 | D        | Found a sacrificial altar of Ru.
   192 | D        | Found a glowing silver altar of Zin.
   192 | D        | Found a shadowy altar of Dithmenos.
   192 | D        | Found a white marble altar of Elyvilon.
   192 | D        | Noticed a yak
   196 | D        | Killed a yak
   197 | D        | Reached skill level 13 in Axes
   197 | D        | Reached XP level 7. HP: 58/70 MP: 7/7
   197 | D        | Found an opulent altar of Gozag.
   198 | D        | Found a sparkling altar of Nemelex Xobeh.
   204 | D        | Became a worshipper of the Shining One
   249 | D        | Found a burning altar of Makhleb.
   249 | D        | Found a viscous altar of Jiyva.
   249 | D        | Found a shimmering altar of Xom.
   249 | D        | Found a corrupted altar of Lugonu.
   249 | D        | Noticed a slime creature
   258 | D        | Killed a slime creature
   259 | D        | Reached skill level 10 in Fighting
   259 | D        | Reached skill level 14 in Axes
   274 | D        | Noticed a kobold demonologist
   274 | D        | Reached * piety under the Shining One
   275 | D        | Noticed a kobold demonologist
   283 | D        | Killed a kobold demonologist
   283 | D        | Reached ** piety under the Shining One
   284 | D        | Reached skill level 15 in Axes
   284 | D        | Reached skill level 10 in Armour
   284 | D        | Reached XP level 8. HP: 82/82 MP: 8/8
   289 | D        | Killed a kobold demonologist
   290 | D        | Reached skill level 16 in Axes
   302 | D        | Noticed a centaur warrior
   305 | D        | Noticed a centaur warrior
   313 | D        | Killed a centaur warrior
   314 | D        | Reached skill level 18 in Axes
   314 | D        | Reached XP level 9. HP: 44/91 MP: 9/9
   318 | D        | Killed a centaur warrior
   319 | D        | Reached skill level 19 in Axes
   325 | D        | Noticed a deep troll
   332 | D        | Killed a deep troll
   374 | D        | Found Viemir's Armour Emporium.
   428 | D        | Noticed a hornet
   428 | D        | Reached *** piety under the Shining One
   438 | D        | Killed a hornet
   439 | D        | Reached skill level 20 in Axes
   537 | D        | Noticed an oklob plant
   545 | D        | Killed an oklob plant
   546 | D        | Reached XP level 10. HP: 92/103 MP: 10/10
   742 | D        | Noticed an unseen horror
   742 | D        | Noticed an unseen horror
   742 | D        | Reached **** piety under the Shining One
   753 | D        | Killed an unseen horror
   754 | D        | Reached skill level 21 in Axes
   759 | D        | Killed an unseen horror
  1219 | D        | Reached ***** piety under the Shining One
  1232 | D        | Reached ****** piety under the Shining One
  1234 | D        | Reached skill level 15 in Fighting
  1261 | D        | Found Goahe's Book Shoppe.
  1261 | D        | Found Foarchela's Antique Weapon Shop.
  1261 | D        | Found Vuomoed's Armour Boutique.
  1274 | D        | Found Byseuqolu's General Store.
  1274 | D        | Found Takky's Distillery.
  1274 | D        | Found Beiciu's Antique Armour Emporium.
  1306 | D        | Found Igingi Tumei's Magic Scroll Boutique.
  1306 | D        | Found Etri's Antique Weapon Shoppe.
  1306 | D        | Found Noneuxon's General Store.
  1306 | D        | Found Cyxkeingos's Armour Emporium.
  1306 | D        | Found Teiff's Armour Boutique.
  1306 | D        | Found Vohec's Assorted Antiques.
  1306 | D        | Found Qimammeu's Jewellery Shop.
  1309 | D        | Bought a scroll of identify for 22 gold pieces
  1310 | D        | Found Tuabirph's Assorted Antiques.
  1311 | D        | Bought a scroll of identify for 28 gold pieces
  1313 | D        | Bought a scroll of identify for 28 gold pieces
  1328 | D        | Bought a scroll labelled NUFIGO OLOUMO for 27 gold pieces
  1328 | D        | Bought a scroll labelled LOTEAG GUCK for 27 gold pieces
  1330 | D        | Bought a scroll labelled CUHAGAUPHO for 24 gold pieces
  1330 | D        | Bought a brown potion for 21 gold pieces
  1330 | D        | Bought a scroll of identify for 48 gold pieces
  1333 | D        | Bought a dazzling broad axe for 198 gold pieces
  1333 | D        | Identified the +3 broad axe of Nightmares {venom, MP+9
                  | Int+3} (You bought it in a shop in the Dungeon)
  1418 | D        | Bought a bloodstained cloak for 180 gold pieces
  1418 | D        | Identified the +0 cloak "Colibip" {+Inv rElec Str+2} (You
                  | bought it in a shop in the Dungeon)
  1439 | D        | Noticed Sonja
  1451 | D        | Killed Sonja
  1452 | D        | Reached skill level 22 in Axes
  1562 | D        | Found Enkee's Jewellery Boutique.
  1600 | D        | Noticed a demonic crawler
  1600 | D        | Noticed a demonic crawler
  1600 | D        | Noticed a demonic crawler
  1600 | D        | Noticed a demonic crawler
  1602 | D        | Killed a demonic crawler
  1603 | D        | Reached skill level 1 in Invocations
  1614 | D        | Killed a demonic crawler
  1617 | D        | Killed a demonic crawler
  1618 | D        | Reached XP level 11. HP: 49/114 MP: 13/13
  1834 | D        | Noticed a lindwurm
  1841 | D        | Killed a lindwurm
  1842 | D        | Reached skill level 23 in Axes
  1903 | D        | Reached skill level 5 in Invocations
  1920 | D        | Reached skill level 15 in Armour
  1968 | D        | Reached skill level 24 in Axes
  1993 | D        | Noticed a lorocyproca
  2003 | D        | Killed a lorocyproca
  2431 | D        | Noticed a daeva
  2719 | D        | HP: 3/117 [daeva/+4 scimitar of holy wrath (13)]
  2720 | D        | Killed from afar by a daeva

Illustrated notes

Levels and vault maps discovered:
D:        dungeon_sprint_1 [red_sonja_temple_1, red_sonja_temple_small_1]

Skill      XL: |  1  2  3  4  5  6  7  8  9 10 11 |
---------------+----------------------------------+-----
Fighting       | 4 6 8 9 11 12 14 15 17 | 17.1
Axes           | 5 8 11 13 15 18 20 22 24 | 24.8
Armour         | 4 6 7 8 10 11 13 14 15 | 15.8
Invocations    | 3 8 |  8.9
Shields        | |  3.2

Action                     |  1- 3 |  4- 6 |  7- 9 | 10-12 || total
---------------------------+-------+-------+-------+-------++-------
  Melee: War axe           |     9 |    17 |    53 |    62 ||   141
         Broad axe         |       |       |       |    95 ||    95
 Invoke: Divine Shield     |       |       |       |     1 ||     1
  Evoke: Wand              |     1 |       |       |     3 ||     4
    Use: Potion            |       |       |     3 |     5 ||     8
         Scroll            |       |       |       |     6 ||     6
 Armour: Scale mail        |     1 |     4 |    12 |    14 ||    31
         Chain mail        |       |       |       |    56 ||    56
  Dodge: Dodged            |     3 |     3 |    12 |    68 ||    86
  Block: Buckler           |       |     2 |     8 |    35 ||    45
